 Dungeon Crawl Stone Soup version 0.18-a0-117-g77bb7e1 (webtiles) character file.

465 Proton the Sneak (level 7, -13/63 HPs)
             Began as a Naga Fighter on Nov 18, 2015.
             Was an Initiate of Cheibriados.
             Mangled by Menkaure (18 damage)
             ... on level 5 of the Dungeon.
             The game lasted 00:06:37 (3642 turns).

Proton the Sneak (Naga Fighter)                     Turns: 3642, Time: 00:06:37

Health: -13/63     AC: 13    Str: 21    XL:     7   Next: 8%
Magic:  7/7        EV:  4    Int: 10    God:    Cheibriados [......]
Gold:   160        SH:  9    Dex: 11    Spells: 0 memorised, 6 levels left

rFire  + . .     SeeInvis +     q - +2 falchion (protect)
rCold  x . .     Clarity  .     n - +0 chain mail (curse)
rNeg   . . .     SustAt   .     c - +0 shield
rPois  +         Gourm    .     (no helmet)
rElec  .         Spirit   .     o - +0 cloak (curse)
rCorr  .         Warding  .     (no gloves)
rMut   .         Stasis   .     (no barding)
MR     .....                    (no amulet)
Stlth  ..........               (no ring)
                                p - ring of fire

@: very slow, not resistant to hostile enchantments, extremely unstealthy
A: see invisible, deformed body, poison resistance, slowness 2, slow metabolism
1, spit poison 2, AC +2
a: Spit Poison, Bend Time, Renounce Religion


You were on level 5 of the Dungeon.
You worshipped Cheibriados.
Cheibriados was noncommittal.
You were not hungry.

You visited 2 branches of the dungeon, and saw 6 of its levels.

You collected 160 gold pieces.

Inventory:

Hand Weapons
 q - a +2 falchion of protection (weapon)
Armour
 c - a +0 shield (worn)
 n - a cursed +0 chain mail (worn)
 o - a cursed +0 cloak (worn)
Jewellery
 p - a ring of fire (left hand)
Scrolls
 b - a scroll of immolation {unknown}
 f - a scroll of blinking {unknown}
 g - a scroll of enchant armour {unknown}
 h - 7 scrolls of identify {unknown}
 i - 3 scrolls of remove curse
 k - a scroll of noise {unknown}
 l - 2 scrolls of magic mapping {unknown}
Potions
 a - 2 potions of agility {unknown}
 d - 2 potions of might
 m - 4 potions of curing {unknown}
Comestibles
 e - 2 bread rations
 j - 2 royal jellies
 r - a meat ration
 s - 3 fruits


   Skills:
 + Level 3.9 Fighting
 + Level 3.5 Long Blades
 + Level 3.3 Armour
 + Level 2.2 Dodging
 + Level 4.3 Stealth
 + Level 3.5 Shields


You had 6 spell levels left.
You didn't know any spells.

Dungeon Overview and Level Annotations

Branches:
Dungeon (5/15)             Temple (1/1) D:4

Altars:
Ashenzari
Cheibriados
Dithmenos
Elyvilon
Makhleb
Nemelex Xobeh
Ru
Sif Muna
Trog
Xom
Zin

Annotations:
D:5 Menkaure


Innate Abilities, Weirdness & Mutations

You cannot wear boots.
Your serpentine skin is tough (AC +2).
You have supernaturally acute eyesight.
Armour fits poorly on your strangely shaped body.
Your system is resistant to poisons.
You cover ground very slowly.
You have a slow metabolism.
You can spit poison.


Message History

You barely miss Menkaure.
Menkaure is severely damaged.
You block Menkaure's attack.
You hit Menkaure.
Menkaure is severely damaged.
Menkaure points at you and mumbles some strange words.
You resist with significant effort. You block Menkaure's attack.
You hit Menkaure but do no damage.
Menkaure is severely damaged.
Menkaure barely misses you.
You hit Menkaure.
Menkaure is severely damaged.
You block Menkaure's attack. Menkaure casts a spell at you.
Pain shoots through your body!
* * * LOW HITPOINT WARNING * * *
You hit Menkaure.
Menkaure is almost destroyed.
Menkaure hits you!!
You die...

#. #. .. .## ..# #.# #.#
#M# ##+## #@# ##...## #.#
##(....## # ##.##
##.......###
#######...####..........>
.............'...........
######...####..........#
####....## ##.......#.#
#........# ##.....##.#
#.##.###.# ##...###..


You could see Menkaure.

Vanquished Creatures
  An ogre (D:4)
  2 hounds (D:4)
  2 orc wizards
  A giant frog skeleton (D:4)
  A gnoll shaman (D:4)
  A worker ant (D:5)
  4 adders
  3 gnolls (D:4)
  2 oozes (D:1)
  4 worms
  3 giant geckos
  5 orcs
  3 giant cockroaches
  10 goblins
  8 hobgoblins
  11 kobolds
  A quokka (D:2)
  2 ball pythons
  9 bats
  A giant gecko skeleton (D:4)
  5 giant newts
  2 jackals (D:3)
  15 rats
96 creatures vanquished.

Notes
Turn   | Place    | Note
--------------------------------------------------------------
     0 | D:1      | Proton the Naga Fighter began the quest for the Orb.
     0 | D:1      | Reached XP level 1. HP: 21/21 MP: 1/1
    81 | D:1      | Reached XP level 2. HP: 22/28 MP: 2/2
    84 | D:1      | Reached skill level 1 in Stealth
   386 | D:1      | Reached XP level 3. HP: 34/34 MP: 3/3
   879 | D:2      | Found a sparkling altar of Nemelex Xobeh.
  1170 | D:2      | Reached XP level 4. HP: 22/42 MP: 4/4
  1433 | D:2      | Reached skill level 1 in Dodging
  2463 | D:4      | Found a sacrificial altar of Ru.
  2468 | D:4      | Reached XP level 5. HP: 40/49 MP: 5/5
  2600 | D:4      | Found a bloodstained altar of Trog.
  2610 | D:4      | Noticed an ogre
  2615 | D:4      | Killed an ogre
  2615 | D:4      | Reached XP level 6. HP: 20/57 MP: 6/6
  2801 | D:4      | Reached skill level 4 in Stealth
  3174 | D:4      | Found a staircase to the Ecumenical Temple.
  3183 | Temple   | Entered the Ecumenical Temple
  3212 | Temple   | Became a worshipper of Cheibriados the Contemplative
  3505 | D:5      | Entered Level 5 of the Dungeon
  3525 | D:5      | Reached XP level 7. HP: 47/63 MP: 7/7
  3626 | D:5      | Noticed Menkaure
  3642 | D:5      | Mangled by Menkaure

Vault maps used:
D:1:      scummos_arrival_simple_fountains
D:2:      overflow_temple_1_default, minmay_misc_feat_alley,
          kennysheep_generic_room_14
D:3:      first_bread, amalloy_card_club
D:4:      overflow_temple_1_default, minmay_temple_entry_glass,
          nicolae_ru_great_annihilating_truth
D:5:      gammafunk_temple_overflow_wave, nicolae_tso_besieged_by_evil,
          uniq_pikel, uniq_menkaure
Temple:   triangle_lava_temple_12

Action                   |  1- 3 |  4- 6 |  7- 9 || total
-------------------------+-------+-------+-------++-------
Melee: Long sword        |   140 |   207 |       ||   347
       Falchion          |       |    42 |    21 ||    63
 Abil: Spit Poison       |     1 |    11 |     2 ||    14
  Use: Scroll            |     1 |       |       ||     1
 Stab: Paralysed         |       |     1 |       ||     1
  Eat: Bread ration      |     1 |       |       ||     1
       Meat ration       |       |     1 |       ||     1
